 Dungeon Crawl Stone Soup version 0.27.1-3-gb3d3a73c9e (webtiles) character file.

Game seed: 12351936465530762801

28 styxcanada the Sneak (level 2, -1/15 HPs)
             Began as a Spriggan Brigand on Oct 30, 2021.
             Slain by an adder (3 damage)
             ... on level 2 of the Dungeon.
             The game lasted 00:02:53 (1085 turns).

styxcanada the Sneak (Spriggan Brigand)             Turns: 1085, Time: 00:02:54

Health: -1/15      AC:  3    Str:  7    XL:     2   Next: 96%
Magic:  3/3        EV: 16    Int: 12    God:
Gold:   0          SH:  0    Dex: 16    Spells: 1/1 levels left

rFire    . . .     SeeInvis +   a - +2 dagger
rCold    . . .     Faith    .   (shield restricted)
rNeg     . . .     Spirit   .   b - +0 robe
rPois    .         Reflect  .   (helmet restricted)
rElec    .         Harm     .   c - +0 cloak
rCorr    .         Rampage  .   (gloves unavailable)
Will     .....                  (boots unavailable)
Stlth    ++++......             (no amulet)
HPRegen  0.05/turn              (no ring)
MPRegen  0.08/turn              (no ring)

@: lethally poisoned (-1 -> -3), very quick
A: very small, no large weapons, unfitting armour, see invisible, speed 3
a: no special abilities


You were on level 2 of the Dungeon.
You visited 1 branch of the dungeon, and saw 2 of its levels.

Inventory:

Hand Weapons
 a - a +2 dagger (weapon)
Missiles
 d - 8 poisoned darts (quivered)
 e - 2 curare-tipped darts
 g - 53 stones
Armour
 b - a +0 robe (worn)
 c - a +0 cloak (worn)
Scrolls
 f - a scroll of enchant weapon {unknown}
 h - a scroll of teleportation {unknown}
 i - a scroll of blinking {unknown}


   Skills:
 * Level 1.8 Fighting
 + Level 2.3 Short Blades
 + Level 2.0 Throwing
 * Level 1.8 Dodging
 * Level 6.8 Stealth


You had one spell level left.
You didn't know any spells.
Your spell library was empty.

Dungeon Overview and Level Annotations

Branches:
Dungeon (2/15)

Altars:
Dithmenos


Innate Abilities, Weirdness & Mutations

You are very small and have problems with some larger weapons.
You are too small for most types of armour.
You have supernaturally acute eyesight. (SInv)
You cover ground extremely quickly. (Speed+++)


Message History

You hit the jackal.
The jackal is severely wounded.
You hit the jackal but do no damage.
The jackal bites you but does no damage.
You closely miss the jackal. The jackal misses you.
You barely miss the jackal. The jackal misses you.
You hit the jackal.
The jackal is severely wounded.
The jackal misses you. The jackal completely misses you.
You hit the jackal.
You kill the jackal!
You hit the rat.
The rat is heavily wounded.
The rat barely misses you.
You hit the rat.
You kill the rat!
You hit the jackal but do no damage.
The jackal is severely wounded.
The jackal bites you. The jackal misses you.
You hit the jackal.
The jackal is almost dead.
The jackal bites you.
You hit the jackal.
You kill the jackal!
The adder closely misses you.
You miss the adder. The adder barely misses you.
You hit the adder.
The adder is moderately wounded.
The adder bites you.
You miss the adder.
The adder is moderately wounded.
The adder bites you.
* * * LOW HITPOINT WARNING * * *
You are lethally poisoned!
The adder poisons you!
You hit the adder.
The adder is heavily wounded.
* * * LOW HITPOINT WARNING * * *
You feel sick. The adder bites you.
You die...

#.. #..# .#
.......#..#####..# .#
.............#..##.#
..........#.#.....#
... #.(.....#...# #..
#..##...#w#.# ##..
#..##<#.....###
#...###...[.#.......#
#.@SK..............
####w.._....#.....<
##.......K......
#......#.......
#..............
#.##..#........
#.##..##.......
#.##..##>....?.


You could see a worm, an adder and a kobold.

Vanquished Creatures
  2 endoplasms (D:1)
  A giant cockroach (D:2)
  2 jackals (D:2)
  5 kobolds (D:1)
  A quokka (D:1)
  6 bats (D:1)
  3 frilled lizards (D:1)
  2 goblins (D:1)
  6 rats
28 creatures vanquished.

Notes
Turn   | Place    | Note
-------+----------+-------------------------------------------
     0 | D:1      | styxcanada the Spriggan Brigand began the quest for the
                  | Orb.
     0 | D:1      | Reached XP level 1. HP: 10/10 MP: 2/2
    55 | D:1      | Reached skill level 6 in Stealth
   352 | D:1      | Reached XP level 2. HP: 14/15 MP: 3/3
   390 | D:1      | Found a faded altar of an unknown god.
  1041 | D:2      | Found a shadowy altar of Dithmenos.
  1085 | D:2      | Slain by an adder

Illustrated notes

Levels and vault maps discovered:
D:1:      lemuel_arrival_muddy, layout_basic, hellmonk_ecumenical_altar_zigzags,
          minmay_misc_feat_pillars
D:2:      layout_rooms, basic_altar, grunt_ministairs_2, minmay_tall_x

Skill      XL: |  1 |
---------------+----+-----
Stealth        | 6 |  6.8
Fighting       | |  1.8
Short Blades   | |  2.3
Throwing       | |  2.0
Dodging        | |  1.8

Action                   || total
-------------------------++-------
Melee: Dagger            ||    74
 Stab: Sleeping          ||     9
Armor: Robe              ||    14
Dodge: Dodged            ||    41
